 Dungeon Crawl Stone Soup version 0.27.1-33-g824d729ab1 (webtiles) character file.

Game seed: 9101551898985480735

295 lonewolfV2 the Conjurer (level 6, -1/47 HPs)
             Began as a Draconian Conjurer on Dec 9, 2021.
             Was a Follower of Vehumet.
             Succumbed to an adder's poison
             ... on level 3 of the Dungeon.
             The game lasted 00:12:48 (3404 turns).

lonewolfV2 the Conjurer (Draconian Conjurer)        Turns: 3404, Time: 00:12:49

Health: -1/47      AC:  6    Str: 10    XL:     6   Next: 11%
Magic:  5/11       EV: 12    Int: 18    God:    Vehumet [*.....]
Gold:   48         SH:  0    Dex: 11    Spells: 9/11 levels left

rFire    . . .     SeeInvis .   b - +0 lajatang
rCold    . . .     Faith    .   (shield currently unavailable)
rNeg     . . .     Spirit   .   (armour unavailable)
rPois    .         Reflect  .   (helmet restricted)
rElec    .         Harm     .   (no cloak)
rCorr    .         Rampage  .   (no gloves)
Will     .....                  (no boots)
Stlth    ++........             (no amulet)
HPRegen  0.15/turn              (no ring)
MPRegen  0.12/turn              (no ring)

@: lethally poisoned (-1 -> -9), attractive
A: AC +6, unfitting armour, cold-blooded
a: Renounce Religion


You were on level 3 of the Dungeon.
You worshipped Vehumet.
Vehumet was aware of your devotion.
You visited 1 branch of the dungeon, and saw 3 of its levels.

You collected 48 gold pieces.

Inventory:

Hand Weapons
 b - a +0 lajatang (weapon)
 e - a +0 scythe
Missiles
 a - a throwing net


   Skills:
 + Level 1.6 Fighting
 + Level 2.4 Staves
 + Level 2.4 Dodging
 + Level 2.3 Stealth
 + Level 3.4 Spellcasting
 + Level 5.1 Conjurations


You had 9 spell levels left.
You knew the following spells:

 Your Spells              Type           Power      Damage    Failure   Level
b - Searing Ray           Conj           42%        3d4       2%          2

Your spell library contained the following spells:

 Spells                   Type           Power      Damage    Failure   Level
 Freeze                   Ice            12%        1d4       16%         1
 Magic Dart               Conj           84%        1d7       1%          1
 Dazzling Flash           Conj/Hex       24%        N/A       16%         3
 Frozen Ramparts          Ice            6%         1d2       43%         3
 Fulminant Prism          Conj/Hex       6%         3d7       47%         4
 Iskenderun's Mystic Bla  Conj/Tloc      12%        2d5       47%         4
 Ice Form                 Ice/Tmut       3%         N/A       83%         4
 Summon Ice Beast         Ice/Summ       3%         N/A       83%         4


Dungeon Overview and Level Annotations

Branches:
Dungeon (3/15)

Altars:
Elyvilon
Kikubaaqudgha
Qazlal
Vehumet


Innate Abilities, Weirdness & Mutations

Your plain brown scales are hard. (AC +6)
You cannot fit into any form of body armour.
You are cold-blooded and may be slowed by cold attacks.


Message History

You feel very sick. The adder bites you but does no damage.
The adder bites you.
* * * LOW HITPOINT WARNING * * *
You aren't carrying any potions.
You closely miss the adder.
The adder is heavily wounded.
* * * LOW HITPOINT WARNING * * *
You feel very sick. The adder bites you.
* * * LOW HITPOINT WARNING * * *
You are more poisoned.
The adder poisons you!
Unknown command.
Casting: Magic Dart (safe; 1% risk of failure)
Confirm with . or Enter, or press ? or * to list all spells.
Aiming: Searing Ray (safe; 2% risk of failure)
Press: ? - help, Shift-Dir - straight line, f/p - adder
Aim: an adder (heavily wounded, 63% to hit)
The searing ray hits the adder!
You kill the adder!
Vehumet accepts your kill. (Press . to maintain the ray.)
* * * LOW HITPOINT WARNING * * *
You feel very sick.
There is a lethal amount of poison in your body!
There is a lethal amount of poison in your body!
There is a lethal amount of poison in your body!
There is a lethal amount of poison in your body!
There is a lethal amount of poison in your body!
There is a lethal amount of poison in your body!
* * * LOW HITPOINT WARNING * * *
You feel very sick.
There is a lethal amount of poison in your body!
There is a lethal amount of poison in your body!
There is a lethal amount of poison in your body!
There is a lethal amount of poison in your body!
As you read the scroll labelled GUEMER XYGHIMY, it crumbles to dust.
It is a scroll of amnesia.
Your memory of Magic Dart unravels.
You die...

#.# ... ### #.# ..#
#.# #.# #.# #.#
#.##### #.#
#####.#...# #[#
#...(...#.###.##.#
#.###.#.....)@...#
#.#.###.######†..###
..................#
....###.######....#
#. #.#### ##.#.#
#....# #.#.#
######.####.#.#
#...........#.#
#.####.######


There were no monsters in sight!

Vanquished Creatures
  Sigmund (D:2)
  An orc priest (D:3)
  Ijyb (D:3)
  Natasha (D:3)
  An adder (D:3)
  2 worms (D:2)
  A dart slug (D:1)
  2 orcs (D:3)
  4 endoplasms
  5 giant cockroaches
  2 goblins (D:1)
  2 hobgoblins
  3 jackals (D:1)
  3 quokkas
  7 ball pythons
  3 bats
  5 frilled lizards (D:1)
  5 kobolds
  2 rats
51 creatures vanquished.

Notes
Turn   | Place    | Note
-------+----------+-------------------------------------------
     0 | D:1      | lonewolfV2 the Draconian Conjurer began the quest for the
                  | Orb.
     0 | D:1      | Reached XP level 1. HP: 14/14 MP: 3/3
   466 | D:1      | Reached XP level 2. HP: 20/20 MP: 0/5
  1691 | D:1      | Learned a level 2 spell: Searing Ray
  1720 | D:2      | Found a radiant altar of Vehumet.
  1729 | D:2      | Reached XP level 3. HP: 26/26 MP: 2/6
  1732 | D:2      | Became a worshipper of Vehumet
  2260 | D:2      | Noticed Sigmund
  2275 | D:2      | Killed Sigmund
  2276 | D:2      | Reached skill level 1 in Fighting
  2276 | D:2      | Reached XP level 4. HP: 21/35 MP: 1/8
  2276 | D:2      | Reached XP level 5. HP: 24/40 MP: 1/9
  2777 | D:2      | Reached skill level 5 in Conjurations
  2818 | D:2      | Found a faded altar of an unknown god.
  3062 | D:3      | Found a white marble altar of Elyvilon.
  3062 | D:3      | Found a stormy altar of Qazlal.
  3237 | D:3      | Noticed Natasha
  3241 | D:3      | Found an ancient bone altar of Kikubaaqudgha.
  3244 | D:3      | Killed Natasha
  3295 | D:3      | Reached * piety under Vehumet
  3295 | D:3      | Offered knowledge of Freeze by Vehumet.
  3380 | D:3      | Noticed Ijyb
  3394 | D:3      | Killed Ijyb
  3395 | D:3      | Reached XP level 6. HP: 23/47 MP: 6/11
  3403 | D:3      | HP: 1/47 [poisoned by an adder]
  3404 | D:3      | Succumbed to an adder's poison

Illustrated notes

Levels and vault maps discovered:
D:1:      dpeg_arrival_refuge, layout_basic
D:2:      layout_loops_ring, basic_ecumenical_altar, basic_altar,
          chequers_serial_rivers_room_a, uniq_sigmund
D:3:      layout_loops_ring, kiku_gazebo_pond_becter,
          nicolae_ashenzari_skybound,
          nicolae_gozag_cash_rules_everything_around_me,
          amethyst_overflow_temple_binary, uniq_natasha, uniq_ijyb

Skill      XL: |  1  2  3  4  5 |
---------------+----------------+-----
Stealth        | 2 |  2.3
Dodging        | 2 |  2.4
Fighting       | 1 |  1.6
Staves         | 2 |  2.4
Spellcasting   | 3 |  3.4
Conjurations   | 5 |  5.1

Action                   |  1- 3 |  4- 6 || total
-------------------------+-------+-------++-------
Melee: Lajatang          |    36 |    23 ||    59
       Tailslap          |     3 |     2 ||     5
 Cast: Magic Dart        |    54 |    17 ||    71
       Searing Ray       |     8 |     6 ||    14
  Use: Scroll            |     6 |     1 ||     7
       Potion            |       |     2 ||     2
Armor: Skin              |    34 |    11 ||    45
Dodge: Dodged            |    46 |    25 ||    71
